| TOP OF THE 1ST |
|
Clinton LumberKings batting - Pitching for Bowling Green Hot Rods : RHP Jesse Rosa
|
|
Pitching: RHP Jesse Rosa
|
|
|
Batting: RHB Julian Gregory
|
0-0: Ball 1-0: Ball 2-0: Fly out, F7 (Flyball, 78M, EV 80.6 MPH)
|
|
Batting: RHB Enrique Valdez
|
0-0: SINGLE (Flyball, 34D, EV 84.4 MPH)
|
|
Batting: RHB Hideo Okimura
|
0-0: Ball 1-0: Swinging Strike 1-1: Fielders Choice at 2nd, 3-6 (Groundball, 3, EV 108.8 MPH)
|
|
Batting: LHB Taki Matsui
|
0-0: Ball 1-0: Foul Ball, location: 2F 1-1: Called Strike 1-2: Strikes out swinging
|
| Top of the 1st over - 0 runs, 1 hit, 0 errors, 1 left on base; Clinton 0 - Bowling Green 0 |
| BOTTOM OF THE 1ST |
|
Bowling Green Hot Rods batting - Pitching for Clinton LumberKings : LHP Aidan Smith
|
|
Pitching: LHP Aidan Smith
|
|
|
Batting: RHB James Huddleston
|
0-0: Ball 1-0: Ball 2-0: SINGLE (Groundball, 6MD, EV 97.5 MPH)
|
|
Batting: RHB Jose Arriola
|
0-0: Ball 1-0: DOUBLE (Line Drive, 3D, EV 107.5 MPH) James Huddleston to third Runner from 3rd tries for Home, SAFE, throw by RF to trailing runner, OUT at third! 9-3-5
|
|
Batting: RHB Adam Kaeser
|
0-0: Fly out, F8 (Flyball, 78M, EV 77.5 MPH)
|
|
Batting: LHB Darryl Gonnella
|
0-0: Swinging Strike 0-1: Swinging Strike 0-2: Strikes out swinging
|
| Bottom of the 1st over - 1 run, 2 hits, 0 errors, 0 left on base; Clinton 0 - Bowling Green 1 |
| TOP OF THE 2ND |
|
Clinton LumberKings batting - Pitching for Bowling Green Hot Rods : RHP Jesse Rosa
|
|
Batting: RHB Mike Conaway
|
0-0: Called Strike 0-1: Ball 1-1: Fly out, F9 (Flyball, 9, EV 81.2 MPH)
|
|
Batting: LHB Justin Long
|
0-0: Called Strike 0-1: Fly out, F8 (Flyball, 8RS, EV 94.4 MPH)
|
|
Batting: RHB Salvador Avina
|
0-0: Ball 1-0: Foul Ball, location: 2F 1-1: Ball 2-1: Ball 3-1: Swinging Strike 3-2: Strikes out swinging
|
| Top of the 2nd over - 0 runs, 0 hits, 0 errors, 0 left on base; Clinton 0 - Bowling Green 1 |
| BOTTOM OF THE 2ND |
|
Bowling Green Hot Rods batting - Pitching for Clinton LumberKings : LHP Aidan Smith
|
|
Batting: LHB Harris Vink
|
0-0: Called Strike 0-1: Ball 1-1: Ball 2-1: Ground out 4-3 (Groundball, 4S, EV 87.5 MPH)
|
|
Batting: RHB Eric Waugaman
|
0-0: Ball 1-0: Called Strike 1-1: SINGLE (Groundball, 4MD, EV 102.5 MPH)
|
|
Batting: LHB Tony Zizumbo
|
0-0: Called Strike 0-1: Ball 1-1: Called Strike 1-2: Ball 2-2: SINGLE (Line Drive, 8LS, EV 103.8 MPH) Eric Waugaman to second
|
|
Batting: RHB Dusty Camelli
|
0-0: Ball 1-0: Ball 2-0: Foul Ball, location: 2F 2-1: Ball 3-1: Base on Balls Eric Waugaman to third Tony Zizumbo to second
|
|
Batting: LHB Jeremy Burton
|
0-0: Ball 1-0: Foul Ball, location: 2F 1-1: Grounds into fielders choice 1-2 (Groundball, 13, EV 64.4 MPH) Tony Zizumbo to third Dusty Camelli to second
|
|
Batting: RHB James Huddleston
|
0-0: Fly out, F8 (Flyball, 8LD, EV 92.5 MPH)
|
| Bottom of the 2nd over - 0 runs, 2 hits, 0 errors, 3 left on base; Clinton 0 - Bowling Green 1 |
| TOP OF THE 3RD |
|
Clinton LumberKings batting - Pitching for Bowling Green Hot Rods : RHP Jesse Rosa
|
|
Batting: SHB Raghnall Ahearne
|
0-0: Called Strike 0-1: Called Strike 0-2: Ball 1-2: Strikes out swinging
|
|
Batting: LHB Brian Butler
|
0-0: Called Strike 0-1: Foul Ball, location: 2F 0-2: Foul Ball, location: 2F 0-2: Ball 1-2: SINGLE (Groundball, 6S, EV 65.0 MPH) (infield hit)
|
|
Pinch Runner at 1st Clay Statum:
|
|
|
Batting: RHB Julian Gregory
|
0-0: Ball 1-0: Foul Ball, location: 2F 1-1: Ball 2-1: Swinging Strike 2-2: Fly out, F8 (Flyball, 8LD, EV 102.5 MPH)
|
|
Batting: RHB Enrique Valdez
|
0-0: Ball 1-0: Ball 2-0: Foul Ball, location: 2F 2-1: Swinging Strike 2-2: Foul Ball, location: 2F 2-2: SINGLE (Groundball, 25, EV 68.8 MPH) (infield hit) Clay Statum to second
|
|
Batting: RHB Hideo Okimura
|
0-0: Called Strike 0-1: Ball 1-1: SINGLE (Line Drive, 4D, EV 94.4 MPH) Clay Statum to third Enrique Valdez to second
|
|
Batting: LHB Taki Matsui
|
0-0: Called Strike 0-1: Swinging Strike 0-2: Strikes out looking
|
| Top of the 3rd over - 0 runs, 3 hits, 0 errors, 3 left on base; Clinton 0 - Bowling Green 1 |
| BOTTOM OF THE 3RD |
|
Bowling Green Hot Rods batting - Pitching for Clinton LumberKings : LHP Aidan Smith
|
|
Now at SS: Clay Statum
|
|
|
Batting: RHB Jose Arriola
|
0-0: Called Strike 0-1: Ball 1-1: Ball 2-1: Called Strike 2-2: Ball 3-2: SINGLE (Groundball, 4D, EV 100.0 MPH)
|
|
Batting: RHB Adam Kaeser
|
0-0: Ball 1-0: Ball 2-0: Ball 3-0: Called Strike 3-1: Called Strike 3-2: Foul Ball, location: 2F 3-2: Foul Ball, location: 2F 3-2: Base on Balls Jose Arriola to second
|
|
Batting: LHB Darryl Gonnella
|
0-0: Ground out 5-3 (Groundball, 5, EV 110.0 MPH) Jose Arriola to third Adam Kaeser to second
|
|
Batting: LHB Harris Vink
|
0-0: Ball 1-0: Swinging Strike 1-1: Foul Ball, location: 2F 1-2: Ground out U3 (Groundball, 3, EV 88.8 MPH)
|
|
Batting: RHB Eric Waugaman
|
0-0: Ball 1-0: Ground out U3 (Groundball, 34, EV 83.8 MPH)
|
| Bottom of the 3rd over - 0 runs, 1 hit, 0 errors, 2 left on base; Clinton 0 - Bowling Green 1 |
| TOP OF THE 4TH |
|
Clinton LumberKings batting - Pitching for Bowling Green Hot Rods : RHP Jesse Rosa
|
|
Batting: RHB Mike Conaway
|
0-0: Called Strike 0-1: Ball 1-1: Ball 2-1: Called Strike 2-2: Strikes out swinging
|
|
Batting: LHB Justin Long
|
0-0: Foul Ball, location: 2F 0-1: Ground out U3 (Groundball, 3, EV 86.9 MPH)
|
|
Batting: RHB Salvador Avina
|
0-0: Ground out 5-3 (Groundball, 56S, EV 91.9 MPH)
|
| Top of the 4th over - 0 runs, 0 hits, 0 errors, 0 left on base; Clinton 0 - Bowling Green 1 |
| BOTTOM OF THE 4TH |
|
Bowling Green Hot Rods batting - Pitching for Clinton LumberKings : LHP Aidan Smith
|
|
Batting: LHB Tony Zizumbo
|
0-0: Called Strike 0-1: Called Strike 0-2: Strikes out looking
|
|
Batting: RHB Dusty Camelli
|
0-0: Foul Ball, location: 2F 0-1: Ball 1-1: Ball 2-1: Ball 3-1: Called Strike 3-2: Foul Ball, location: 2F 3-2: Foul Ball, location: 2F 3-2: Base on Balls
|
|
Batting: LHB Jeremy Burton
|
0-0: Called Strike 0-1: Swinging Strike 0-2: Ball Wild Pitch! Dusty Camelli to second 1-2: Ball 2-2: SINGLE (Groundball, 4M, EV 104.4 MPH) (infield hit) Dusty Camelli to third
|
|
Batting: RHB James Huddleston
|
0-0: Ball 1-0: Fly out, F9 (Flyball, 9LDF, EV 95.0 MPH) Runner from 3rd tags up, SCORES, no throw by RF
|
|
Batting: RHB Jose Arriola
|
0-0: Ball 1-0: Called Strike 1-1: Called Strike Jeremy Burton is caught stealing 2nd base 2-4
|
| Bottom of the 4th over - 1 run, 1 hit, 0 errors, 0 left on base; Clinton 0 - Bowling Green 2 |
| TOP OF THE 5TH |
|
Clinton LumberKings batting - Pitching for Bowling Green Hot Rods : RHP Jesse Rosa
|
|
Batting: SHB Raghnall Ahearne
|
0-0: Ground out 4-3 (Groundball, 4, EV 84.4 MPH)
|
|
Batting: RHB Clay Statum
|
0-0: Ball 1-0: Swinging Strike 1-1: Ground out 4-3 (Groundball, 4M, EV 87.5 MPH)
|
|
Batting: RHB Julian Gregory
|
0-0: Ball 1-0: Foul Ball, location: 2F 1-1: DOUBLE (Line Drive, 7LM, EV 111.2 MPH)
|
|
Batting: RHB Enrique Valdez
|
0-0: Ball 1-0: Foul Ball, location: 2F 1-1: Swinging Strike 1-2: Strikes out swinging
|
| Top of the 5th over - 0 runs, 1 hit, 0 errors, 1 left on base; Clinton 0 - Bowling Green 2 |
| BOTTOM OF THE 5TH |
|
Bowling Green Hot Rods batting - Pitching for Clinton LumberKings : LHP Aidan Smith
|
|
Batting: RHB Jose Arriola
|
0-0: Ball 1-0: Called Strike 1-1: Ball 2-1: Called Strike 2-2: Foul Ball, location: 2F 2-2: Strikes out swinging
|
|
Batting: RHB Adam Kaeser
|
0-0: Called Strike 0-1: Ball 1-1: Called Strike 1-2: Ball 2-2: Strikes out swinging
|
|
Batting: LHB Darryl Gonnella
|
0-0: Ball 1-0: Foul Ball, location: 2F 1-1: Swinging Strike 1-2: Foul Ball, location: 2F 1-2: Foul Ball, location: 2F 1-2: Foul Ball, location: 2F 1-2: Fly out, F7 (Flyball, 7LM, EV 81.2 MPH)
|
| Bottom of the 5th over - 0 runs, 0 hits, 0 errors, 0 left on base; Clinton 0 - Bowling Green 2 |
| TOP OF THE 6TH |
|
Clinton LumberKings batting - Pitching for Bowling Green Hot Rods : RHP Jesse Rosa
|
|
Batting: RHB Hideo Okimura
|
0-0: Ball 1-0: Foul Ball, location: 2F 1-1: Fly out, F8 (Line Drive, 8RD, EV 107.5 MPH)
|
|
Batting: LHB Taki Matsui
|
0-0: Called Strike 0-1: Ball 1-1: Ball 2-1: Ball 3-1: Base on Balls
|
|
Batting: RHB Mike Conaway
|
0-0: Swinging Strike 0-1: Swinging Strike 0-2: Strikes out swinging
|
|
Batting: LHB Justin Long
|
0-0: Fly out, F9 (Flyball, 9D, EV 108.1 MPH)
|
| Top of the 6th over - 0 runs, 0 hits, 0 errors, 1 left on base; Clinton 0 - Bowling Green 2 |
| BOTTOM OF THE 6TH |
|
Bowling Green Hot Rods batting - Pitching for Clinton LumberKings : LHP Aidan Smith
|
|
Pitching: LHP Mitch Lewis
|
|
|
Batting: LHB Harris Vink
|
0-0: Called Strike 0-1: Ball 1-1: Ball 2-1: Ball 3-1: Foul Ball, location: 2F 3-2: Base on Balls
|
|
Batting: RHB Eric Waugaman
|
0-0: Ball 1-0: Foul Ball, location: 2F 1-1: Reached on error, E1 (Groundball, 15S, EV 75.0 MPH) Harris Vink to second
|
|
Batting: LHB Tony Zizumbo
|
0-0: Ball 1-0: Swinging Strike 1-1: Ball 2-1: Swinging Strike 2-2: Foul Ball, location: 2F 2-2: Strikes out swinging
|
|
Batting: RHB Dusty Camelli
|
0-0: Called Strike 0-1: Ball 1-1: Ball 2-1: Called Strike 2-2: Foul Ball, location: 2F 2-2: Foul Ball, location: 2F 2-2: Strikes out looking
|
|
Batting: LHB Jeremy Burton
|
0-0: Ground out 3-1 (Groundball, 34S, EV 90.0 MPH)
|
| Bottom of the 6th over - 0 runs, 0 hits, 1 error, 2 left on base; Clinton 0 - Bowling Green 2 |
| TOP OF THE 7TH |
|
Clinton LumberKings batting - Pitching for Bowling Green Hot Rods : RHP Jesse Rosa
|
|
Batting: RHB Salvador Avina
|
0-0: Ball 1-0: Called Strike 1-1: Ball 2-1: Ball 3-1: Base on Balls
|
|
Batting: SHB Raghnall Ahearne
|
0-0: Bunted foul 0-1: Bunted foul 0-2: Grounds into double play, 3-6-1 (Groundball, 3, EV 101.9 MPH)
|
|
Batting: RHB Clay Statum
|
0-0: Called Strike 0-1: Called Strike 0-2: Ground out U3 (Groundball, 3, EV 88.8 MPH)
|
| Top of the 7th over - 0 runs, 0 hits, 0 errors, 0 left on base; Clinton 0 - Bowling Green 2 |
| BOTTOM OF THE 7TH |
|
Bowling Green Hot Rods batting - Pitching for Clinton LumberKings : LHP Mitch Lewis
|
|
Pitching: RHP Rob Henry
|
|
|
Batting: RHB James Huddleston
|
0-0: Foul Ball, location: 2F 0-1: Ball 1-1: Ball 2-1: Swinging Strike 2-2: Ball 3-2: Base on Balls
|
|
Batting: RHB Jose Arriola
|
0-0: Sac Bunt to 5S - play at first, batter OUT! 5-3 James Huddleston to second
|
|
Batting: RHB Adam Kaeser
|
0-0: Ball 1-0: Ball 2-0: Ball 3-0: Base on Balls
|
|
Batting: LHB Darryl Gonnella
|
0-0: Ball James Huddleston is caught stealing 3rd base 2-5 1-0: Called Strike 1-1: Foul Ball, location: 2F 1-2: Foul Ball, location: 2F 1-2: Ball 2-2: Strikes out swinging
|
| Bottom of the 7th over - 0 runs, 0 hits, 0 errors, 1 left on base; Clinton 0 - Bowling Green 2 |
| TOP OF THE 8TH |
|
Clinton LumberKings batting - Pitching for Bowling Green Hot Rods : RHP Jesse Rosa
|
|
Now in LF: Dan Marks
|
|
|
Batting: RHB Julian Gregory
|
0-0: Ball 1-0: Foul Ball, location: 2F 1-1: Foul Ball, location: 2F 1-2: Foul Ball, location: 2F 1-2: Ball 2-2: Ball 3-2: Foul Ball, location: 2F 3-2: SINGLE (Line Drive, 78S, EV 98.8 MPH)
|
|
Batting: RHB Enrique Valdez
|
0-0: DOUBLE (Flyball, 8RXD, EV 110.0 MPH) Julian Gregory to third
|
|
Batting: RHB Hideo Okimura
|
0-0: Ground out 6-3 (Groundball, 6, EV 83.1 MPH) Julian Gregory scores Enrique Valdez to third
|
|
Batting: LHB Taki Matsui
|
0-0: Ground out 3-1 (Groundball, 3, EV 99.4 MPH)
|
|
Pitching: LHP Parker Martinet
|
|
|
Batting: RHB Mike Conaway
|
0-0: Ball 1-0: Ball 2-0: Ball 3-0: Base on Balls
|
|
Batting: LHB Justin Long
|
0-0: Called Strike 0-1: Foul Ball, location: 2F 0-2: Strikes out swinging
|
| Top of the 8th over - 1 run, 2 hits, 0 errors, 2 left on base; Clinton 1 - Bowling Green 2 |
| BOTTOM OF THE 8TH |
|
Bowling Green Hot Rods batting - Pitching for Clinton LumberKings : RHP Rob Henry
|
|
Pitching: LHP Ed Gilroy
|
|
|
Batting: LHB Harris Vink
|
0-0: Ball 1-0: Ball 2-0: Ball 3-0: Called Strike 3-1: Base on Balls
|
|
Pitching: RHP Jace Daniels
|
|
|
Batting: RHB Eric Waugaman
|
0-0: Ball 1-0: Sac Bunt to 15S - play at first, batter OUT! 1-3 Harris Vink to second
|
|
Batting: LHB Tony Zizumbo
|
0-0: Intentional Walk
|
|
Batting: RHB Dusty Camelli
|
0-0: Called Strike 0-1: Ball 1-1: Foul Ball, location: 2F 1-2: Strikes out swinging
|
|
Batting: LHB Jeremy Burton
|
0-0: Foul Ball, location: 2F 0-1: Called Strike 0-2: Foul Ball, location: 2F 0-2: Ball 1-2: Foul Ball, location: 2F 1-2: Ball 2-2: Foul Ball, location: 2F 2-2: Strikes out swinging
|
| Bottom of the 8th over - 0 runs, 0 hits, 0 errors, 2 left on base; Clinton 1 - Bowling Green 2 |
| TOP OF THE 9TH |
|
Clinton LumberKings batting - Pitching for Bowling Green Hot Rods : LHP Parker Martinet
|
|
Pitching: RHP Cody Wilharm
|
|
|
Now in RF: Jimmy Detrie
|
|
|
Batting: RHB Salvador Avina
|
0-0: Called Strike 0-1: Foul Ball, location: 2F 0-2: Ball 1-2: Fly out, F9 (Flyball, 9, EV 93.8 MPH)
|
|
Batting: SHB Raghnall Ahearne
|
0-0: Ground out 6-3 (Groundball, 6, EV 96.9 MPH)
|
|
Batting: RHB Clay Statum
|
0-0: Called Strike 0-1: Ground out 4-3 (Groundball, 4D, EV 102.5 MPH)
|
| Top of the 9th over - 0 runs, 0 hits, 0 errors, 0 left on base; Clinton 1 - Bowling Green 2 |
|